AoeStats
← GoodByeWorld

Arena

508920697Analyzed
4v4 RM · 8d ago on Sep 24, 2026· 38m 30s· 8 players
Game mode
Random Map
Map size
Large (8 player)
Population
200
Speed
Normal
Resources
Standard
Victory
Conquest
Starting age
Dark Age
Ending age
Imperial Age
RankedLock teamsTeams togetherTeam positionsShared explorationLock speedFull tech treeHidden civsTurbo modeCheats
Victory
Defeat
🇱🇻 Danes · Latvia
1480
+12
🇦🇷 Italians · Argentina
1451
+14
🇹🇼 Lithuanians · Taiwan
1414
+15
🇻🇪 Inca · Venezuela
1338
+19
🇦🇷 Poles · Argentina
1509
-19
🇦🇷 Danes · Argentina
1435
-17
🇨🇱 Malay · Chile
1329
-12
🇦🇷 Khmer · Argentina
1312
-12
TwBestShaco
9:37 Feudal Age
10:33 Double-Bit Axe
13:35 Castle Age
13:30 Horse Collar
14:26 Bow Saw
20:43 Wheelbarrow
22:18 Gold Mining
22:47 Hand Cart
24:24 Heavy Plow
25:20 Stone Mining
28:52 Imperial Age
26:27 Heavy Plow
26:37 Scale Barding Armor
26:42 Forging
27:47 Stone Shaft Mining
27:44 Bloodlines
27:34 Husbandry
29:27 Chain Barding Armor
29:42 Iron Casting
29:11 Cavalier
30:35 Crop Rotation
31:07 Two-Man Saw
31:11 Plate Barding Armor
30:37 Scale Mail Armor
30:33 Pikeman
31:24 Halberdier
32:32 Paladin
33:47 Chain Mail Armor
34:36 Chemistry
34:50 Loom
34:51 Town Watch
34:57 Fletching
34:50 Treadmill Crane
35:22 Guilds
35:34 Squires
36:22 Bodkin Arrow
37:04 Tower Shields
37:24 Conscription
두도스
7:08 Loom
9:36 Feudal Age
13:26 Castle Age
11:39 Double-Bit Axe
21:20 Wheelbarrow
20:38 Horse Collar
22:06 Gold Mining
23:08 Bow Saw
23:13 Heavy Plow
23:42 Gold Mining
23:43 Stone Mining
24:43 Hand Cart
26:56 Gold Shaft Mining
26:57 Scale Mail Armor
27:08 Forging
29:59 Imperial Age
28:22 Chain Mail Armor
28:08 Squires
27:54 Gambesons
27:54 Arson
29:25 Hamask
30:42 Iron Casting
31:04 Conscription
30:08 Elite Varangian Guard
30:20 Capped Ram
31:59 Plate Mail Armor
31:08 Northmen's Fury
31:34 Siege Ram
32:56 Siege Engineers
34:10 Blast Furnace
35:03 Coinage
37:15 Banking
37:11 Ballistics
37:51 Chemistry
37:15 Onager
GoodByeWorld
8:45 Loom
10:30 Feudal Age
19:11 Castle Age
17:07 Double-Bit Axe
18:24 Horse Collar
21:24 Bow Saw
26:12 Heavy Plow
27:35 Wheelbarrow
29:40 Scale Mail Armor
30:35 Hand Cart
32:21 Stone Mining
32:22 Gold Mining
32:46 Squires
33:07 Chain Mail Armor
33:30 Forging
34:57 Iron Casting
33:52 Pikeman
38:58 Imperial Age
37:07 Town Watch
37:19 Fletching
[BadStart] The Shadow
3:39 Loom
5:28 Loom
6:11 Loom
7:20 Loom
9:41 Feudal Age
10:11 Town Watch
11:48 Fletching
13:16 Horse Collar
18:18 Castle Age
16:44 Double-Bit Axe
16:49 Gold Mining
20:02 Heavy Plow
22:55 Wheelbarrow
24:15 Stone Mining
26:42 Hand Cart
28:17 Stone Shaft Mining
28:33 Bow Saw
30:56 Imperial Age
29:04 Bodkin Arrow
29:58 Padded Archer Armor
29:48 Crossbowman
30:55 Thumb Ring
31:48 Leather Archer Armor
31:56 Ballistics
30:59 Arbalester
32:02 Bracer
34:11 Chemistry
34:42 Ring Archer Armor
37:50 Conscription
38:44 Silk Road
DL | Nato
6:50 Loom
8:56 Feudal Age
9:24 Double-Bit Axe
10:10 Town Watch
10:40 Horse Collar
20:10 Castle Age
20:14 Bow Saw
20:43 Wheelbarrow
30:49 Imperial Age
28:13 Gold Mining
28:13 Stone Mining
28:31 Fletching
28:42 Padded Archer Armor
29:13 Bodkin Arrow
29:47 Crossbowman
30:29 Bracer
31:33 Ballistics
31:57 Leather Archer Armor
33:06 Chemistry
32:58 Gold Shaft Mining
33:03 Arbalester
Vizconde Medardo
11:42 Feudal Age
14:23 Castle Age
12:48 Horse Collar
12:55 Double-Bit Axe
16:59 Loom
22:36 Wheelbarrow
27:41 Imperial Age
25:58 Gold Mining
26:47 Scale Barding Armor
26:52 Forging
26:55 Bloodlines
26:45 Husbandry
28:09 Chain Barding Armor
27:43 Town Watch
27:54 Elite Battle Elephant
32:32 Devotion
34:22 Iron Casting
36:12 Blast Furnace
36:46 Tusk Swords
37:50 Plate Barding Armor
DL | Anubis_Killa
5:03 Loom
14:02 Feudal Age
14:47 Double-Bit Axe
14:43 Horse Collar
14:56 Gold Mining
17:40 Castle Age
15:48 Stone Mining
19:05 Bow Saw
23:57 Heavy Plow
24:56 Wheelbarrow
27:43 Hand Cart
28:02 Scale Mail Armor
28:12 Forging
30:56 Imperial Age
29:20 Gold Shaft Mining
29:21 Stone Shaft Mining
29:07 Squires
28:52 Gambesons
29:47 Arson
29:33 Hamask
31:18 Elite Jomsviking
32:15 Chain Mail Armor
32:35 Iron Casting
31:53 Capped Ram
33:27 Plate Mail Armor
33:40 Conscription
38:10 Blast Furnace
36:37 Elite Varangian Guard
DL | Lich
5:39 Loom
8:31 Feudal Age
9:06 Double-Bit Axe
9:01 Horse Collar
14:26 Wheelbarrow
14:46 Town Watch
20:43 Castle Age
21:36 Bow Saw
21:27 Heavy Plow
31:08 Imperial Age
29:04 Fletching
29:49 Ballistics
29:02 Crossbowman
31:15 Bodkin Arrow
32:58 Chemistry
32:05 Gold Mining
33:16 Bracer
34:02 Thumb Ring
35:28 Padded Archer Armor
34:57 Arbalester
35:42 Capped Ram
Connection lost

Rejoining the realm…

Still unreachable

The connection could not be restored.

Session expired

The server has moved on; the page needs a fresh start.